 Dungeon Crawl Stone Soup version 0.27-a0-54-g64bdb92e38 (webtiles) character file.

Game seed: 12757471372315899247

496 Borgoz the Skirmisher (level 7, -5/91 HPs)
             Began as a Hill Orc Monk on Jan 7, 2021.
             Slain by an orc warrior
             ... wielding a +0 dire flail
              (20 damage)
             ... on level 5 of the Dungeon.
             The game lasted 00:05:49 (3755 turns).

Borgoz the Skirmisher (Hill Orc Monk)               Turns: 3755, Time: 00:05:50

Health: -5/91      AC: 10    Str: 15    XL:     7   Next: 15%
Magic:  7/7        EV: 11    Int: 10    God:
Gold:   140        SH:  0    Dex: 14    Spells: 6/6 levels left

rFire    . . .     SeeInvis .   a - +1 falchion
rCold    . . .     Faith    .   (no shield)
rNeg     . . .     Spirit   .   h - +0 scale mail
rPois    .         Reflect  .   l - +0 helmet (curse)
rElec    .         Harm     .   j - +1 cloak
rCorr    .         Rampage  .   (no gloves)
Will     .....                  (no boots)
Stlth    ..........             f - amulet of the acrobat
HPRegen  0.25/turn              (no ring)
MPRegen  0.10/turn              (no ring)

@: berserking, very quick
A: no striking features
a: no special abilities


You were on level 5 of the Dungeon.
You visited 1 branch of the dungeon, and saw 5 of its levels.

You collected 140 gold pieces.

Inventory:

Hand Weapons
 a - a +1 falchion (weapon)
Armour
 h - a +0 scale mail (worn)
 j - a +1 cloak (worn)
 l - a cursed +0 helmet (worn)
Jewellery
 f - an amulet of the acrobat (around neck)
Scrolls
 b - a scroll of blinking {unknown}
 c - a scroll of enchant weapon
 g - a scroll of noise {unknown}
 i - a scroll of fear {unknown}
 k - 3 scrolls of remove curse
 m - a scroll of identify
 n - a scroll of enchant armour
Potions
 e - a potion of flight


   Skills:
 + Level 5.0 Fighting
 + Level 4.6 Long Blades
 + Level 2.9 Armour
 * Level 4.3 Dodging
 + Level 3.0 Stealth


You had 6 spell levels left.
You didn't know any spells.
Your spell library was empty.

Dungeon Overview and Level Annotations

Branches:
Dungeon (6/15)
 Temple: D:4-7

Altars:
Kikubaaqudgha

Annotations:
D:6 1 runed translucent door, Borgoz's ghost, novice GrBe


Message History

You closely miss the orc warrior. The orc warrior barely misses you.
You riposte.
You barely miss the orc warrior. You hit the orc warrior.
The orc warrior is lightly wounded.
The orc warrior hits you with a +0 dire flail!
You hit the orc warrior but do no damage.
The orc warrior is lightly wounded.
The orc warrior hits you but does no damage.
You hit the orc warrior but do no damage.
The orc warrior is lightly wounded.
The orc warrior hits you with a +0 dire flail!
* * * LOW HITPOINT WARNING * * *
A red film seems to cover your vision as you go berserk!
You feel yourself moving faster!
You feel mighty!
The orc warrior hits you with a +0 dire flail!
* * * LOW HITPOINT WARNING * * *
You hit the orc warrior but do no damage.
The orc warrior is lightly wounded.
The orc warrior hits you with a +0 dire flail!!
You die... #.######## .......o@# ##########

You could see an orc warrior.

Vanquished Creatures
  A phantom (D:6)
  A bullfrog (D:6)
  A vampire bat (D:6)
  A bullfrog skeleton (D:6)
  An iguana (D:6)
  2 worker ants (D:6)
  A killer bee zombie (D:6)
  A hound zombie (D:2)
  3 gnolls (D:2)
  6 adders
  A shadow imp (D:6)
  3 worms
  3 leopard geckos (D:2)
  An orc (D:5)
  A ball python (D:1)
  3 bat skeletons (D:6)
  4 bat zombies (D:6)
  4 giant cockroaches
  3 goblins
  6 hobgoblins
  3 jackals
  10 kobolds
  2 quokkas
  5 bats
  2 frilled lizards (D:1)
  A leopard gecko zombie (D:6)
  6 rats
76 creatures vanquished.

Vanquished Creatures (others)
  A plant (D:6)
1 creature vanquished.

Grand Total: 77 creatures vanquished

Notes
Turn   | Place    | Note
-------+----------+-------------------------------------------
     0 | D:1      | Borgoz the Hill Orc Monk began the quest for the Orb.
     0 | D:1      | Reached XP level 1. HP: 19/19 MP: 1/1
   329 | D:1      | Reached XP level 2. HP: 27/27 MP: 2/2
   627 | D:1      | Reached XP level 3. HP: 25/33 MP: 3/3
  1263 | D:2      | Reached skill level 1 in Armour
  1351 | D:2      | Reached skill level 4 in Fighting
  1426 | D:2      | Reached XP level 4. HP: 16/40 MP: 4/4
  2542 | D:3      | Reached XP level 5. HP: 45/46 MP: 5/5
  2556 | D:3      | Noticed a fire elemental
  2715 | D:3      | You fall into a shaft and drop 3 floors!
  2861 | D:6      | Noticed a phantom
  2938 | D:6      | Killed a phantom
  2939 | D:6      | Reached XP level 6. HP: 13/53 MP: 6/6
  3178 | D:6      | Found a runed translucent door.
  3180 | D:6      | Noticed Borgoz's ghost (novice GrBe)
  3248 | D:6      | Found an ancient bone altar of Kikubaaqudgha.
  3453 | D:6      | Reached XP level 7. HP: 43/60 MP: 7/7
  3487 | D:6      | Reached skill level 5 in Fighting
  3700 | D:5      | Entered Level 5 of the Dungeon
  3755 | D:5      | Slain by an orc warrior

Illustrated notes

Levels and vault maps discovered:
D:1:      lemuel_arrival_tunnels, layout_loops_cross, due_unseen_surprise
D:2:      layout_loops_ring, kennysheep_crisscross, minmay_misc_feat_iff,
          minmay_misc_feat_nine_boxes
D:3:      layout_basic, kennysheep_ying_yang, nicolae_qazlal_style_of_elements,
          minmay_misc_feat_doors, minivault_23
D:5:      minmay_octagon_keep, layout_basic, general_overflow_altar, tgw_trog,
          minmay_temple_entry_enclosed_plants, nicolae_ru_the_path_less_chosen
D:6:      layout_cave_pools, kennysheep_vampire_church, ebering_ghost_sewer_f,
          serial_bayou_pond_c

Skill      XL: |  1  2  3  4  5  6  7 |
---------------+----------------------+-----
Stealth        | 2 3 |  3.0
Armour         | 1 2 |  2.9
Fighting       | 4 5 |  5.0
Dodging        | 3 4 |  4.3
Long Blades    | 4 |  4.6

Action                   |  1- 3 |  4- 6 |  7- 9 || total
-------------------------+-------+-------+-------++-------
Melee: Falchion          |   102 |   182 |    32 ||   316
  Use: Scroll            |     8 |     1 |       ||     9
       Potion            |     1 |       |     1 ||     2
 Stab: Sleeping          |     3 |       |       ||     3
Armor: Leather armour    |    27 |       |       ||    27
       Scale mail        |    10 |    81 |    22 ||   113
Dodge: Dodged            |    81 |   135 |    18 ||   234
       Rpst.: Falchion   |    24 |    31 |     9 ||    64

Table legend: (Time is in decaauts)
 A = Elapsed time spent in this place.
 B = Non-inter-level travel time spent in this place.
 C = Inter-level travel time spent in this place.
 D = Time resting spent in this place.
 E = Time spent auto-exploring this place.
 F = Levels seen in this place.
 G = Mean time per level.
                   A        B        C        D        E       F      G
               +--------+--------+--------+--------+--------+-----+--------+
         Total |   3798 |   3748 |     50 |   1398 |   1573 |   5 |  759.6 |
       Dungeon |   3798 |   3748 |     50 |   1398 |   1573 |   5 |  759.6 |
               +--------+--------+--------+--------+--------+-----+--------+

Top non-repeatable levels by time:
     D:1: 1610 daAuts
     D:6: 1000 daAuts
     D:2: 929 daAuts
     D:3: 205 daAuts
     D:5: 52 daAuts
